 Dungeon Crawl Stone Soup version 0.25.1-2-g60ff931df9 (webtiles) character file.

Game seed: 17584456330620394866

7872 gruber the Cleaver (level 11, -13/91 (92) HPs)
             Began as a Hill Orc Fighter on Dec 1, 2020.
             Was a High Priest of Beogh.
             Mangled by a two-headed ogre
             ... wielding a +0 giant club
              (17 damage)
             ... on level 11 of the Dungeon.
             The game lasted 00:12:10 (9010 turns).

gruber the Cleaver (Hill Orc Fighter)               Turns: 9010, Time: 00:12:10

HP:   -13/91 (92)   AC: 15    Str: 20    XL:     11   Next: 22%
MP:   17/17         EV:  9    Int: 11    God:    Beogh [*****.]
Gold: 678           SH:  0    Dex: 10    Spells: 10/10 levels left

rFire    . . .     SeeInvis .   x - +2 battleaxe (vamp)
rCold    . . .     Gourm    .   (shield currently unavailable)
rNeg     . . .     Faith    .   b - +0 scale mail
rPois    .         Spirit   .   (no helmet)
rElec    .         Reflect  .   k - +0 cloak
rCorr    .         Harm     .   q - +0 pair of gloves
MR       .....                  d - +2 pair of boots
Stlth    +.........             z - amulet of regeneration
HPRegen  0.65/turn              (no ring)
MPRegen  0.15/turn              G - ring of stealth

@: no status effects
A: walk on water
a: Smiting, Recall Orcish Followers, Give Item to Named Follower, Renounce
Religion


You were on level 11 of the Dungeon.
You worshipped Beogh.
Beogh was extremely pleased with you.
You were not hungry.

You visited 1 branch of the dungeon, and saw 11 of its levels.

You collected 678 gold pieces.

Inventory:

Hand Weapons
 a - a +0 war axe
 x - a +2 vampiric battleaxe (weapon)
Missiles
 D - 8 silver javelins (quivered)
Armour
 b - a +0 scale mail (worn)
 c - a +0 kite shield
 d - a +2 pair of boots (worn)
 k - a +0 cloak (worn)
 q - a +0 pair of gloves (worn)
Jewellery
 z - an amulet of regeneration (around neck)
 F - an uncursed ring of fire
 G - a ring of stealth (right hand)
Wands
 u - a wand of flame (29)
 C - a wand of acid (9)
 O - a wand of clouds (2)
 P - a wand of random effects (13)
Scrolls
 e - 3 scrolls of identify
 g - 2 scrolls of fog
 h - 2 scrolls of immolation
 i - a scroll of enchant armour {unknown}
 j - a scroll of fear {unknown}
 o - 6 scrolls of teleportation {unknown}
 r - a scroll of noise {unknown}
 s - 2 scrolls of random uselessness {unknown}
 y - 4 scrolls of enchant weapon {unknown}
 E - 4 scrolls of remove curse {unknown}
 I - a scroll of magic mapping {unknown}
 K - a scroll of amnesia {unknown}
 L - a scroll of acquirement {unknown}
Potions
 l - a potion of haste
 m - a potion of cancellation
 n - a potion of lignification
 p - a potion of stabbing
 t - a potion of brilliance
 v - a potion of might
 w - 2 potions of heal wounds
 A - 2 potions of curing
 B - a potion of invisibility
 H - 3 potions of ambrosia
 J - a potion of flight {unknown}
 M - a potion of berserk rage
Comestibles
 f - 22 rations


   Skills:
 - Level 7.0 Fighting
 * Level 13.7 Axes
 - Level 11.6 Armour
 - Level 3.2 Shields
 - Level 8.3 Invocations


You had 10 spell levels left.
You didn't know any spells.
Your spell library contained the following spells:

 Spells                   Type           Power        Failure   Level  Hunger
 Animate Skeleton         Necr           N/A          63%         1    ##.....
 Apportation              Tloc           #.....       63%         1    ##.....
 Beastly Appendage        Tmut           #.....       63%         1    ##.....
 Corona                   Hex            #......      63%         1    ##.....
 Magic Dart               Conj           #...         63%         1    ##.....
 Summon Small Mammal      Summ           #...         63%         1    ##.....
 Searing Ray              Conj           #.....       77%         2    ###....
 Sticks to Snakes         Tmut           #.......     77%         2    ###....
 Dazzling Flash           Conj/Hex       #.....       94%         3    ####...
 Spider Form              Tmut/Pois      #.........   94%         3    ####...
 Fulminant Prism          Conj/Hex       #.........   100%        4    #####..
 Ice Form                 Ice/Tmut       #.......     100%        4    #####..
 Iskenderun's Mystic Bla  Conj/Tloc      #.......     100%        4    #####..
 Blade Hands              Tmut           #.........   100%        5    ######.


Dungeon Overview and Level Annotations

Branches:
Dungeon (11/15)            Temple (0/1) D:6             Orc (0/2) D:10
   Lair: D:8-11

Altars:
Ashenzari
Ru
Sif Muna
Trog
Wu Jian
Xom

Shops:
D:4 }   D:5 %   D:10 ([


Message History

You are too injured to fight recklessly!
Unknown command.
You slash the two-headed ogre!
The two-headed ogre is almost dead.
You hit the two-headed ogre.
You feel better.
The two-headed ogre hits you with a +0 giant club!!
* * * LOW HITPOINT WARNING * * *
The two-headed ogre hits you with a +0 giant club!
* * * LOW HITPOINT WARNING * * *
Your orc priest hits the two-headed ogre with a +0 flail!
Unknown command.
You barely miss the two-headed ogre.
The two-headed ogre is almost dead.
You slash the two-headed ogre!
You feel better. The two-headed ogre barely misses you.
The two-headed ogre hits you with a +0 giant club.
* * * LOW HITPOINT WARNING * * *
The two-headed ogre hits you but does no damage.
The two-headed ogre hits you with a +0 giant club!
You die... #.# #.# ### #.# oo# #.# #o# #.# #o# #.# #o# #O# #o##########@# #....oooooooO#

############....#
#.#..# #.#..# #.#
.# #.. .. ... ##
##


You could see 2 two-headed ogres, a friendly orc knight, a friendly orc warrior,
a friendly orc priest and 4 friendly orcs.

Vanquished Creatures
  A two-headed ogre (D:9)
  Erica (D:11)
  Joseph (D:8)
  Grinder (D:3)
  A hippogriff (D:8)
  Eustachio (D:5)
  Menkaure (D:4)
  A water moccasin (D:7)
  2 orc warriors
  3 ice beasts
  A phantom (D:8)
  2 black bears (D:10)
  A hornet zombie (D:10)
  2 sky beasts
  3 ogres
  2 centaurs
  Blork the orc (D:4)
  6 bullfrogs
  2 scorpions
  8 killer bees
  6 wights
  7 crimson imps
  2 howler monkeys (D:9)
  A hound (D:4)
  3 jellies
  5 orc priests
  A centaur skeleton (D:7)
  5 iguanas
  6 worker ants
  Natasha (thrice) (D:2)
  6 orc wizards
  2 hound zombies
  2 gnolls (D:8)
  6 adders
  A shadow imp (D:9)
  An ooze (D:2)
  3 adder skeletons
  3 worms
  3 dart slugs
  6 leopard geckos
  25 orcs
  5 giant cockroaches
  5 goblins
  11 hobgoblins
  4 jackals
  6 quokkas
  4 ball pythons
  10 bats
  5 frilled lizards
  A jackal zombie (D:5)
  16 kobolds
  A quokka skeleton (D:5)
  5 rats (D:2)
211 creatures vanquished.

Vanquished Creatures (collateral kills)
  A troll (D:10)
  A queen bee (D:8)
  3 yaks (D:10)
  A hungry ghost (D:9)
  An orc warrior (D:9)
  A phantom (D:7)
  A sky beast (D:10)
  An ogre (D:9)
  2 necrophages
  2 big kobolds
  A bullfrog (D:8)
  10 killer bees
  3 wights
  A howler monkey (D:9)
  A crimson imp (D:9)
  2 hounds
  3 worker ants (D:10)
  2 orc wizards
  A worker ant zombie (D:10)
  A gnoll (D:8)
  An adder (D:7)
  4 orcs
  4 kobolds
48 creatures vanquished.

Vanquished Creatures (others)
  Maurice (D:10)
  2 orc wizards
  2 orc priests (D:2)
  10 orcs
15 creatures vanquished.

Grand Total: 274 creatures vanquished

Notes
Turn   | Place    | Note
-------+----------+-------------------------------------------
     0 | D:1      | gruber the Hill Orc Fighter began the quest for the Orb.
     0 | D:1      | Reached XP level 1. HP: 19/19 MP: 1/1
    44 | D:1      | Reached skill level 3 in Axes
   121 | D:1      | Reached XP level 2. HP: 25/26 MP: 2/2
   165 | D:1      | Reached skill level 4 in Axes
   582 | D:2      | Reached XP level 3. HP: 31/31 MP: 3/3
   656 | D:2      | Reached skill level 5 in Axes
   918 | D:2      | Became a worshipper of Beogh the Brigand
  1031 | D:2      | Reached skill level 6 in Axes
  1031 | D:2      | Reached XP level 4. HP: 39/39 MP: 4/4
  1278 | D:2      | Found a shimmering altar of Xom.
  1279 | D:2      | Found a shimmering altar of Xom.
  1280 | D:2      | Found a shimmering altar of Xom.
  1280 | D:2      | Found a shimmering altar of Xom.
  1280 | D:2      | Found a shimmering altar of Xom.
  1281 | D:2      | Found a shimmering altar of Xom.
  1281 | D:2      | Found a shimmering altar of Xom.
  1311 | D:2      | Found a shimmering altar of Xom.
  1706 | D:3      | Noticed Natasha
  1718 | D:2      | Killed Natasha
  1718 | D:2      | Reached XP level 5. HP: 5/45 MP: 5/5
  1999 | D:2      | Noticed Natasha
  2008 | D:2      | Killed Natasha
  2008 | D:2      | Reached skill level 7 in Axes
  2087 | D:2      | Noticed Natasha
  2098 | D:2      | Killed Natasha
  2253 | D:2      | Reached skill level 8 in Axes
  2253 | D:2      | Reached XP level 6. HP: 32/51 MP: 6/6
  2373 | D:3      | Reached * piety under Beogh
  2458 | D:3      | Noticed Grinder
  2811 | D:3      | Found an ornate altar of the Wu Jian Council.
  2823 | D:3      | Killed Grinder
  2823 | D:3      | Reached skill level 9 in Axes
  2823 | D:3      | Reached XP level 7. HP: 52/57 MP: 7/7
  2864 | D:3      | Reached skill level 10 in Axes
  3058 | D:4      | Noticed Menkaure
  3067 | D:4      | HP: 1/59 [Menkaure (15)]
  3068 | D:4      | Killed Menkaure
  3068 | D:4      | Reached skill level 5 in Fighting
  3090 | D:4      | Noticed Eustachio
  3112 | D:5      | Entered Level 5 of the Dungeon
  3437 | D:5      | Killed Eustachio
  3437 | D:5      | Reached XP level 8. HP: 63/71 MP: 8/8
  3657 | D:4      | Found a bloodstained altar of Trog.
  3706 | D:4      | Found a sacrificial altar of Ru.
  3934 | D:4      | Reached skill level 1 in Invocations
  3940 | D:4      | Reached ** piety under Beogh
  3975 | D:4      | Found Amum's Gadget Boutique.
  4035 | D:4      | Noticed Blork the orc
  4051 | D:4      | Killed Blork the orc
  4314 | D:5      | Found Jium's Food Emporium.
  4333 | D:5      | Reached skill level 5 in Invocations
  4733 | D:6      | Found a staircase to the Ecumenical Temple.
  4872 | D:6      | Reached XP level 9. HP: 79/79 MP: 13/15
  5452 | D:7      | Reached *** piety under Beogh
  5482 | D:7      | Found a shimmering blue altar of Sif Muna.
  5496 | D:7      | Reached skill level 5 in Armour
  6424 | D:8      | Found a sacrificial altar of Ru.
  6657 | D:8      | Noticed Joseph
  6666 | D:8      | Killed Joseph
  6716 | D:8      | Found an ornate altar of the Wu Jian Council.
  6778 | D:8      | Reached XP level 10. HP: 69/86 MP: 16/16
  6783 | D:8      | Reached **** piety under Beogh
  6787 | D:8      | Reached skill level 10 in Armour
  7791 | D:9      | Found a shattered altar of Ashenzari.
  7965 | D:9      | Noticed a two-headed ogre
  7975 | D:9      | Killed a two-headed ogre
  7975 | D:9      | Reached skill level 11 in Axes
  8182 | D:10     | Entered Level 10 of the Dungeon
  8374 | D:10     | Reached ***** piety under Beogh
  8374 | D:10     | Reached skill level 12 in Axes
  8442 | D:10     | Reached XP level 11. HP: 91/91 MP: 17/17
  8487 | D:10     | Noticed Maurice
  8493 | D:10     | Killed Maurice
  8493 | D:10     | Reached skill level 13 in Axes
  8709 | D:10     | Found a staircase to the Orcish Mines.
  8710 | D:10     | Found Kaarur's Weapon Shop.
  8711 | D:10     | Found Ciyn's Armour Shop.
  8949 | D:11     | Noticed Erica
  8956 | D:11     | Killed Erica
  9001 | D:11     | Noticed a two-headed ogre
  9001 | D:11     | Noticed a two-headed ogre
  9009 | D:11     | HP: 2/91 [two-headed ogre/+0 giant club (13)]
  9010 | D:11     | Mangled by a two-headed ogre

Illustrated notes

Levels and vault maps discovered:
D:1:      ebering_trefoil_twist, layout_basic, minmay_pentomino_z2
D:2:      layout_basic, xom_redecorated, first_ration, minivault_27,
          kennysheep_donut
D:3:      layout_rooms, overflow_temple_1_default, uniq_grinder, uniq_natasha
D:4:      layout_rooms, bloody_trog, lemuel_round_altar, serial_shops, shop,
          uniq_blork_the_orc, uniq_menkaure, uniq_eustachio
D:5:      layout_basic, serial_shops, shop
D:6:      layout_basic, minmay_temple_entry_butterflies
D:7:      layout_basic, old_standard_altar
D:8:      layout_basic, basic_altar, david_nohive_1, hangedman_ru_absence,
          uniq_joseph
D:9:      layout_roguey, evilmike_ruin_ashenzari
D:10:     layout_roguey, orc_david_3, small_chamber_with_monster, uniq_maurice
D:11:     layout_loops_ring, lair_entry_dummy, gammafunk_ghost_stat_death,
          basic_altar, serial_shops, nicolae_shop_statue_plus,
          hangedman_minor_magic, uniq_erica

Skill      XL: |  1  2  3  4  5  6  7  8  9 10 11 |
---------------+----------------------------------+-----
Axes           | 3 4 6 8 9 10 12 13 | 13.7
Fighting       | 6 7 |  7.0
Invocations    | 8 |  8.3
Armour         | 9 11 | 11.6
Shields        | |  3.2

Action                   |  1- 3 |  4- 6 |  7- 9 | 10-12 || total
-------------------------+-------+-------+-------+-------++-------
Melee: War axe           |    91 |   144 |   109 |       ||   344
       Battleaxe         |       |       |   186 |   214 ||   400
Invok: Convert to Beogh  |     1 |       |       |       ||     1
       Recall Orcish Fol |       |       |       |     5 ||     5
       Stop Recall       |       |       |       |     2 ||     2
  Use: Potion            |       |     1 |     3 |       ||     4
       Scroll            |       |       |       |    10 ||    10
 Stab: Distracted        |       |       |     1 |     2 ||     3
  Eat: Chunk             |     1 |     6 |    12 |     5 ||    24
       Ration            |       |       |       |     2 ||     2
Armor: Scale mail        |    37 |    70 |   133 |   174 ||   414
       Skin              |       |       |     8 |       ||     8
Dodge: Dodged            |    19 |    49 |   121 |   135 ||   324
Block: Kite shield       |    45 |    64 |    53 |       ||   162
